MLB
PHILADELPHIA PHILLIES @ TORONTO BLUE JAYS
05/11/2044
 
TOP OF THE 1ST
Philadelphia Phillies batting - Pitching for Toronto Blue Jays : RHP Tony Rios
Pitching: RHP Tony Rios
Batting: SHB Patrick Kimmel 0-0: Called Strike
0-1: Ground out 3-1 (Groundball, 34, EV 81.3 MPH)
Batting: RHB Ji-an Li 0-0: Ball
1-0: Swinging Strike
1-1: Ground out 6-3 (Groundball, 56, EV 87.5 MPH)
Batting: LHB Eric Katz 0-0: Swinging Strike
0-1: Ball
1-1: Ball
2-1: SINGLE (Line Drive, 9S, EV 94.4 MPH)
Batting: LHB Alberto Figueroa 0-0: Called Strike
Eric Katz steals 2nd base
0-1: Ball
1-1: Ground out 4-3 (Groundball, 4, EV 83.1 MPH)
Top of the 1st over - 0 runs, 1 hit, 0 errors, 1 left on base; Philadelphia 0 - Toronto 0
BOTTOM OF THE 1ST
Toronto Blue Jays batting - Pitching for Philadelphia Phillies : LHP Steve Pratt
Pitching: LHP Steve Pratt
Batting: LHB Jon Schick 0-0: Foul Ball, location: 2F
0-1: Foul Ball, location: 2F
0-2: Foul Ball, location: 2F
0-2: Ball
1-2: Ball
2-2: Ball
3-2: Fly out, F7 (Flyball, 7, EV 83.8 MPH)
Batting: RHB Cole Zelinski 0-0: Fly out, F4 (Popup, 4, EV 76.3 MPH)
Batting: RHB Ruben Velasco 0-0: Ball
1-0: Swinging Strike
1-1: Foul Ball, location: 2F
1-2: Strikes out swinging
Bottom of the 1st over - 0 runs, 0 hits, 0 errors, 0 left on base; Philadelphia 0 - Toronto 0
TOP OF THE 2ND
Philadelphia Phillies batting - Pitching for Toronto Blue Jays : RHP Tony Rios
Batting: LHB Ryan Trombley 0-0: Called Strike
0-1: Foul Ball, location: 2F
0-2: Ball
1-2: Fly out, F7 (Line Drive, 7, EV 93.1 MPH)
Batting: RHB Raul de la Cruz 0-0: Called Strike
0-1: Ball
1-1: Called Strike
1-2: Strikes out swinging
Batting: LHB Nick Canizales 0-0: Foul Ball, location: 2F
0-1: SINGLE (Line Drive, 89M, EV 103.8 MPH)
Batting: RHB Chef Belew 0-0: Ball
1-0: Called Strike
1-1: Fly out, F6 (Line Drive, 6, EV 71.9 MPH)
Top of the 2nd over - 0 runs, 1 hit, 0 errors, 1 left on base; Philadelphia 0 - Toronto 0
BOTTOM OF THE 2ND
Toronto Blue Jays batting - Pitching for Philadelphia Phillies : LHP Steve Pratt
Batting: RHB Kirk Arp 0-0: Foul Ball, location: 2F
0-1: Ball
1-1: DOUBLE (Groundball, 5L, EV 101.3 MPH)
Batting: RHB Shigem Kubo 0-0: Ball
1-0: Ball
2-0: Ball
3-0: Called Strike
3-1: Fly out, F6 (Popup, P, EV 70.6 MPH)
Batting: SHB Zory Larikov 0-0: Called Strike
0-1: Swinging Strike
0-2: Ball
1-2: Foul Ball, location: 2F
1-2: Strikes out swinging
Batting: RHB Tommy Mize 0-0: Swinging Strike
0-1: Ground out U3 (Groundball, 23, EV 86.3 MPH)
Bottom of the 2nd over - 0 runs, 1 hit, 0 errors, 1 left on base; Philadelphia 0 - Toronto 0
TOP OF THE 3RD
Philadelphia Phillies batting - Pitching for Toronto Blue Jays : RHP Tony Rios
Batting: RHB Luis Arce 0-0: Called Strike
0-1: Ball
1-1: Foul Ball, location: 2F
1-2: Strikes out swinging
Batting: SHB Patrick Kimmel 0-0: Ball
1-0: DOUBLE (Line Drive, 7LM, EV 95.6 MPH)
Batting: RHB Ji-an Li 0-0: Ball
1-0: Ball
2-0: Called Strike
2-1: Foul Ball, location: 2F
2-2: Strikes out looking
Batting: LHB Eric Katz 0-0: Ball
1-0: Ball
2-0: Called Strike
2-1: Ball
3-1: SINGLE (Line Drive, 4M, EV 101.3 MPH)
Patrick Kimmel to third
Batting: LHB Alberto Figueroa 0-0: Ball
1-0: Foul Ball, location: 2F
1-1: Swinging Strike
1-2: Ball
2-2: Hit by Pitch
Eric Katz to second
Batting: LHB Ryan Trombley 0-0: Ball
1-0: Ground out 4-3 (Groundball, 4, EV 94.4 MPH)
Top of the 3rd over - 0 runs, 2 hits, 0 errors, 3 left on base; Philadelphia 0 - Toronto 0
BOTTOM OF THE 3RD
Toronto Blue Jays batting - Pitching for Philadelphia Phillies : LHP Steve Pratt
Batting: RHB Adam Burke 0-0: Ball
1-0: Ball
2-0: Ball
3-0: Base on Balls
Pitching: RHP Brandon Tuckson
Batting: LHB Isto Mäyrä 0-0: SINGLE (Line Drive, 8LS, EV 99.4 MPH)
Adam Burke to second
Batting: LHB Jon Schick 0-0: Bunt missed!
0-1: Ball
1-1: Bunted foul
1-2: Strikes out swinging
Batting: RHB Cole Zelinski 0-0: Swinging Strike
0-1: Swinging Strike
0-2: Ball
1-2: Ball
2-2: Ball
3-2: Strikes out swinging
Batting: RHB Ruben Velasco 0-0: Ball
1-0: Ball
2-0: Ball
3-0: Called Strike
3-1: Foul Ball, location: 2F
3-2: Base on Balls
Adam Burke to third
Isto Mäyrä to second
Batting: RHB Kirk Arp 0-0: Ball
1-0: Swinging Strike
1-1: Called Strike
1-2: Strikes out swinging
Bottom of the 3rd over - 0 runs, 1 hit, 0 errors, 3 left on base; Philadelphia 0 - Toronto 0
TOP OF THE 4TH
Philadelphia Phillies batting - Pitching for Toronto Blue Jays : RHP Tony Rios
Batting: RHB Raul de la Cruz 0-0: Called Strike
0-1: Called Strike
0-2: Ball
1-2: Ground out 5-3 (Groundball, 56, EV 100.6 MPH)
Batting: LHB Nick Canizales 0-0: Ball
1-0: Foul Ball, location: 2F
1-1: Ball
2-1: Called Strike
2-2: Ground out 4-3 (Groundball, 4, EV 85.6 MPH)
Batting: RHB Chef Belew 0-0: Foul Ball, location: 2F
0-1: Swinging Strike
0-2: Foul Ball, location: 2F
0-2: Ball
1-2: Fly out, F9 (Line Drive, 89M, EV 110.6 MPH)
Top of the 4th over - 0 runs, 0 hits, 0 errors, 0 left on base; Philadelphia 0 - Toronto 0
BOTTOM OF THE 4TH
Toronto Blue Jays batting - Pitching for Philadelphia Phillies : RHP Brandon Tuckson
Batting: RHB Shigem Kubo 0-0: Swinging Strike
0-1: Ball
1-1: Ball
2-1: Foul Ball, location: 2F
2-2: SINGLE (Line Drive, 3D, EV 95.6 MPH)
Batting: SHB Zory Larikov 0-0: Foul Ball, location: 2F
0-1: Grounds into double play, 4-6-3 (Groundball, 4, EV 105.0 MPH)
Batting: RHB Tommy Mize 0-0: Fly out, F9 (Flyball, 9, EV 87.5 MPH)
Bottom of the 4th over - 0 runs, 1 hit, 0 errors, 0 left on base; Philadelphia 0 - Toronto 0
TOP OF THE 5TH
Philadelphia Phillies batting - Pitching for Toronto Blue Jays : RHP Tony Rios
Batting: RHB Luis Arce 0-0: Called Strike
0-1: SINGLE (Groundball, 6D, EV 98.8 MPH)
Batting: SHB Patrick Kimmel 0-0: Ball
1-0: Foul Ball, location: 2F
1-1: Swinging Strike
1-2: Strikes out swinging
Batting: RHB Ji-an Li 0-0: Ball
1-0: SINGLE (Flyball, 7S, EV 86.3 MPH)
Luis Arce to second
Batting: LHB Eric Katz 0-0: Ball
1-0: SINGLE (Line Drive, 89S, EV 99.4 MPH)
Luis Arce to third
Ji-an Li to second
Batting: LHB Alberto Figueroa 0-0: Called Strike
0-1: Ball
Wild Pitch!
Luis Arce scores
Ji-an Li to third
Eric Katz to second
1-1: DOUBLE (Line Drive, 89D, EV 106.3 MPH)
Ji-an Li scores
Eric Katz scores
Batting: LHB Ryan Trombley 0-0: Called Strike
Alberto Figueroa steals 3rd base
0-1: Foul Ball, location: 2F
0-2: Foul Ball, location: 2F
0-2: Foul Ball, location: 2F
0-2: Ball
1-2: Foul Ball, location: 2F
1-2: Ball
2-2: Ground out 6-3 (Groundball, 6, EV 91.3 MPH)
Batting: RHB Raul de la Cruz 0-0: Foul Ball, location: 2F
0-1: Ball
1-1: Ball
2-1: Foul Ball, location: 2F
2-2: Ball
3-2: Foul Ball, location: 2F
3-2: Ground out 4-3 (Groundball, 4, EV 84.4 MPH)
Top of the 5th over - 3 runs, 4 hits, 0 errors, 1 left on base; Philadelphia 3 - Toronto 0
BOTTOM OF THE 5TH
Toronto Blue Jays batting - Pitching for Philadelphia Phillies : RHP Brandon Tuckson
Batting: RHB Adam Burke 0-0: Bunt missed!
0-1: Foul Ball, location: 2F
0-2: Ground out 4-3 (Groundball, 4, EV 101.3 MPH)
Batting: LHB Isto Mäyrä 0-0: Ground out 4-3 (Groundball, 4, EV 86.3 MPH)
Batting: LHB Jon Schick 0-0: Called Strike
0-1: Fly out, F8 (Flyball, 8LD, EV 81.3 MPH)
Bottom of the 5th over - 0 runs, 0 hits, 0 errors, 0 left on base; Philadelphia 3 - Toronto 0
TOP OF THE 6TH
Philadelphia Phillies batting - Pitching for Toronto Blue Jays : RHP Tony Rios
Batting: LHB Nick Canizales 0-0: Called Strike
0-1: Ball
1-1: Swinging Strike
1-2: Foul Ball, location: 2F
1-2: Hit by Pitch
Batting: RHB Chef Belew 0-0: Called Strike
0-1: Ball
1-1: Ground out 5-3 (Groundball, 5D, EV 101.9 MPH)
Nick Canizales to second
Batting: RHB Luis Arce 0-0: Called Strike
0-1: Called Strike
0-2: Ball
1-2: Fly out, F6 (Flyball, 56D, EV 83.1 MPH)
Batting: SHB Patrick Kimmel 0-0: Swinging Strike
0-1: Ground out 4-3 (Groundball, 13, EV 80.6 MPH)
Top of the 6th over - 0 runs, 0 hits, 0 errors, 1 left on base; Philadelphia 3 - Toronto 0
BOTTOM OF THE 6TH
Toronto Blue Jays batting - Pitching for Philadelphia Phillies : RHP Brandon Tuckson
Batting: RHB Cole Zelinski 0-0: Ball
1-0: Ball
2-0: Foul Ball, location: 2F
2-1: Ground out 4-3 (Groundball, 34, EV 82.5 MPH)
Batting: RHB Ruben Velasco 0-0: Foul Ball, location: 2F
0-1: Ball
1-1: Swinging Strike
1-2: Strikes out looking
Batting: RHB Kirk Arp 0-0: Ball
1-0: Called Strike
1-1: Ground out 5-3 (Groundball, 5S, EV 83.8 MPH)
Bottom of the 6th over - 0 runs, 0 hits, 0 errors, 0 left on base; Philadelphia 3 - Toronto 0
TOP OF THE 7TH
Philadelphia Phillies batting - Pitching for Toronto Blue Jays : RHP Tony Rios
Batting: RHB Ji-an Li 0-0: Called Strike
0-1: DOUBLE (Groundball, 5L, EV 106.3 MPH)
Batting: LHB Eric Katz 0-0: Swinging Strike
0-1: Ball
1-1: Foul Ball, location: 2F
1-2: Ball
2-2: Strikes out swinging
Batting: LHB Alberto Figueroa 0-0: Called Strike
0-1: Foul Ball, location: 2F
0-2: Ball
1-2: Ball
2-2: Foul Ball, location: 2F
2-2: Ball
3-2: Strikes out swinging
Pitching: RHP Douglas ten Pas
Batting: LHB Ryan Trombley 0-0: Called Strike
0-1: Ball
1-1: Foul Ball, location: 2F
1-2: Ball
2-2: Strikes out looking
Top of the 7th over - 0 runs, 1 hit, 0 errors, 1 left on base; Philadelphia 3 - Toronto 0
BOTTOM OF THE 7TH
Toronto Blue Jays batting - Pitching for Philadelphia Phillies : RHP Brandon Tuckson
Pitching: LHP Rico Saldarriaga
Batting: RHB Shigem Kubo 0-0: Called Strike
0-1: Ball
1-1: Ball
2-1: Called Strike
2-2: DOUBLE (Groundball, 5L, EV 108.1 MPH)
Batting: SHB Zory Larikov 0-0: Called Strike
0-1: Swinging Strike
0-2: Ball
1-2: Ground out 5-3 (Groundball, 56, EV 90.6 MPH)
Batting: RHB Tommy Mize 0-0: Ground out 5-3 (Groundball, 5S, EV 71.9 MPH)
Shigem Kubo to third
Batting: RHB Adam Burke 0-0: Ball
1-0: Called Strike
1-1: Ball
2-1: Ball
3-1: Foul Ball, location: 2F
3-2: Foul Ball, location: 2F
3-2: Foul Ball, location: 2F
3-2: SINGLE (Line Drive, 78M, EV 92.5 MPH)
Shigem Kubo scores
Batting: LHB Isto Mäyrä 0-0: Ball
1-0: SINGLE (Groundball, 5S, EV 65.6 MPH) (infield hit)
Adam Burke to second
Batting: LHB Jon Schick 0-0: Ball
1-0: Foul Ball, location: 2F
1-1: Ball
2-1: Foul Ball, location: 2F
2-2: Strikes out swinging
Bottom of the 7th over - 1 run, 3 hits, 0 errors, 2 left on base; Philadelphia 3 - Toronto 1
TOP OF THE 8TH
Philadelphia Phillies batting - Pitching for Toronto Blue Jays : RHP Douglas ten Pas
Batting: RHB Raul de la Cruz 0-0: Ball
1-0: Fly out, F7 (Flyball, 78S, EV 86.9 MPH)
Batting: LHB Nick Canizales 0-0: Called Strike
0-1: Ball
1-1: SINGLE (Groundball, 34S, EV 66.9 MPH) (infield hit)
Batting: RHB Chef Belew 0-0: Called Strike
0-1: Ball
1-1: Ball
2-1: Grounds into double play, 5-4-3 (Groundball, 56, EV 96.3 MPH)
Top of the 8th over - 0 runs, 1 hit, 0 errors, 0 left on base; Philadelphia 3 - Toronto 1
BOTTOM OF THE 8TH
Toronto Blue Jays batting - Pitching for Philadelphia Phillies : LHP Rico Saldarriaga
Pitching: RHP Rico Romero
Batting: RHB Cole Zelinski 0-0: Fly out, F9 (Line Drive, 9S, EV 94.4 MPH)
Batting: RHB Ruben Velasco 0-0: Ball
1-0: Foul Ball, location: 2F
1-1: Ball
2-1: Ball
3-1: Ground out 6-3 (Groundball, 6D, EV 99.4 MPH)
Batting: RHB Kirk Arp 0-0: Called Strike
0-1: Ball
1-1: SINGLE (Line Drive, 56, EV 103.8 MPH)
Batting: RHB Shigem Kubo 0-0: Called Strike
0-1: Ball
1-1: Ball
2-1: Ground out 4-3 (Groundball, 34, EV 83.8 MPH)
Bottom of the 8th over - 0 runs, 1 hit, 0 errors, 1 left on base; Philadelphia 3 - Toronto 1
TOP OF THE 9TH
Philadelphia Phillies batting - Pitching for Toronto Blue Jays : RHP Douglas ten Pas
Pitching: RHP J.J. Thompson
Pinch Hitting: LHB Jeff Luvisi 0-0: Called Strike
0-1: Swinging Strike
0-2: Ball
1-2: Strikes out swinging
Batting: SHB Patrick Kimmel 0-0: Ground out 4-3 (Groundball, 4, EV 84.4 MPH)
Batting: RHB Ji-an Li 0-0: SINGLE (Groundball, 6MD, EV 102.5 MPH)
Batting: LHB Eric Katz 0-0: Ball
Ji-an Li steals 2nd base (no throw)
1-0: Foul Ball, location: 2F
1-1: Called Strike
1-2: Strikes out swinging
Top of the 9th over - 0 runs, 1 hit, 0 errors, 1 left on base; Philadelphia 3 - Toronto 1
BOTTOM OF THE 9TH
Toronto Blue Jays batting - Pitching for Philadelphia Phillies : RHP Rico Romero
Pitching: LHP Randy Karnes
Now at SS: Mitch Boyd
Batting: SHB Zory Larikov 0-0: Ball
1-0: Called Strike
1-1: Swinging Strike
1-2: Fly out, F7 (Flyball, 7, EV 91.3 MPH)
Batting: RHB Tommy Mize 0-0: Foul Ball, location: 2F
0-1: Fly out, F4 (Popup, 4, EV 63.1 MPH)
Batting: RHB Adam Burke 0-0: Ball
1-0: Called Strike
1-1: Swinging Strike
1-2: Ball
2-2: Ball
3-2: Fly out, F4 (Popup, 4D, EV 56.9 MPH)
Bottom of the 9th over - 0 runs, 0 hits, 0 errors, 0 left on base; Philadelphia 3 - Toronto 1
Thursday, March 31st , 2022 - OOTP Baseball 22.12 Build 89